 Dungeon Crawl Stone Soup version 0.18-a0-1267-gff090c1 (webtiles) character file.

4 4thArraOfDagon the Ducker (level 1, 0/11 HPs)
             Began as a Spriggan Abyssal Knight on Feb 6, 2016.
             Was an Initiate of Lugonu.
             Slain by a goblin
             ... wielding a +0 club
             ... led by Robin
              (6 damage)
             ... on level 2 of the Dungeon.
             The game lasted 00:02:23 (316 turns).

4thArraOfDagon the Ducker (Spriggan Abyssal Knight)  Turns: 316, Time: 00:02:24

Health: 0/11       AC:  2    Str:  8    XL:     1   Next: 58%
Magic:  3/3        EV: 18    Int: 13    God:    Lugonu [......]
Gold:   12         SH:  0    Dex: 15    Spells: 0 memorised, 0 levels left

rFire  . . .     SeeInvis +     a - +1 short sword
rCold  . . .     Gourm    .     b - +0 robe
rNeg   . . .     Faith    .     (shield restricted)
rPois  .         Spirit   .     (helmet restricted)
rElec  .         Dismiss  .     (no cloak)
rCorr  .         Reflect  .     (gloves unavailable)
SustAt .         Harm     .     (boots unavailable)
MR     .....                    (no amulet)
Stlth  ++........               (no ring)
                                (no ring)

@: very quick, not resistant to hostile enchantments, unstealthy
A: unfitting armour, see invisible, herbivore 3, speed 3, slow metabolism 2
a: Renounce Religion


You were on level 2 of the Dungeon.
You worshipped Lugonu.
Lugonu was noncommittal.
You were not hungry.

You visited 1 branch of the dungeon, and saw 2 of its levels.
You visited the Abyss 1 time.

You collected 12 gold pieces.

Inventory:

Hand Weapons
 a - a +1 short sword (weapon)
Armour
 b - a +0 robe (worn)
Wands
 e - a wand of slowing (26/48)
Scrolls
 d - a scroll of identify
 f - a scroll of remove curse {unknown}
Potions
 g - a potion of resistance {unknown}
Comestibles
 c - a bread ration


   Skills:
 - Level 2.4 Fighting
 * Level 2.5 Short Blades
 - Level 3.5 Dodging
 * Level 1.2 Stealth
 - Level 1.7 Invocations


You couldn't memorise any spells.
You didn't know any spells.

Dungeon Overview and Level Annotations

Branches:
Dungeon (2/15)

Altars:


Innate Abilities, Weirdness & Mutations

You are tiny and cannot use many weapons and most armour.
You have supernaturally acute eyesight.
You are a herbivore.
You cover ground extremely quickly.
You need consume almost no food.


Message History

You slide downwards.
The hatch slams shut behind you.
Unknown command. 2 goblins come into view.
A hobgoblin comes into view.
The hobgoblin shouts!
You hear a shout!
The goblin shouts!
You hear a shout! x3
Evoke which item? (* to show all) (? for menu, Esc to quit)
Zapping:
e - a wand of slowing (27/48)
Press: ? - help, Shift-Dir - straight line, f - goblin
Aim: a goblin, wielding a club (chance to defeat MR: 84%)
The goblin seems to slow down.
This wand has 26 charges left.
The goblin barely misses you.
Unknown command.
You hit the goblin.
The goblin is severely wounded.
A hobgoblin comes into view.
You barely miss the goblin.
The goblin is severely wounded.
The goblin hits you with a club.
Ouch! That really hurt!
You die...

. # #
.####
#.#. #...
...###..#
#......#
######
#gg@.#
#g##.# #
#.# #g#
#...#
###.# .#.
#.# #.#


You could see 2 hobgoblins and 2 goblins.

Vanquished Creatures
  A hobgoblin (D:1)
  2 jackals (D:1)
  A rat (D:1)
4 creatures vanquished.

Notes
Turn   | Place    | Note
--------------------------------------------------------------
     0 | Abyss:1  | 4thArraOfDagon the Spriggan Abyssal Knight began the quest for the Orb.
     0 | Abyss:1  | Reached XP level 1. HP: 11/11 MP: 3/3
    27 | Abyss:1  | Noticed a small abomination
    35 | Abyss:1  | Noticed a lorocyproca
    47 | Abyss:1  | Noticed an orange demon
    61 | Abyss:2  | Found a corrupted altar of Lugonu.
    85 | Abyss:2  | Noticed a water elemental
   144 | Abyss:2  | Noticed a large abomination
   147 | Abyss:2  | Noticed a chaos spawn
   148 | Abyss:2  | Noticed a large abomination
   154 | Abyss:2  | Noticed a large abomination
   166 | Abyss:2  | Noticed a thrashing horror
   188 | Abyss:2  | Noticed a hell hound
   208 | Abyss:2  | Noticed a tentacled starspawn
   217 | Abyss:2  | Noticed a smoke demon
   221 | Abyss:2  | Noticed a thrashing horror
   227 | Abyss:2  | Noticed a hell hog
   227 | Abyss:2  | Noticed a hell hog
   227 | D:1      | Escaped the Abyss
   295 | D:1      | Reached skill level 1 in Stealth
   316 | D:2      | Slain by a goblin

Vault maps used:
D:1:      dpeg_arrival_water_temple_mockup
D:2:      serial_co_window_serial, co_window_paths_a, co_window_paths_a,
          co_window_paths_a, co_window_paths_a, co_window_of_opportunity_a,
          co_window_unsneaky_path_a, co_window_corner_b,
          co_window_of_opportunity_b, co_window_of_opportunity_b,
          co_window_of_opportunity_b, co_window_cross_2, glass_columns_b,
          glass_columns_a, grunt_ministairs_15, uniq_sigmund, uniq_robin

Action                   || total
-------------------------++-------
Melee: Short sword       ||    21
Invok: Depart the Abyss  ||     1
Evoke: Wand              ||     4
  Use: Scroll            ||     1
